 Dungeon Crawl Stone Soup version 0.02-188-g67bc199 (webtiles) character file.

Game seed: 94819719752754548, levelgen mode: deterministic

105 Kalegnar the Whippersnapper (level 4, 0/32 HPs) Lignifite Fighter. Began on Oct 23, 2020. Slain by a sewer rat (9 damage) ... on level 2 of the Dungeon. The game lasted 00:06:40 (1464 turns).

Kalegnar the Whippersnapper (Lignifite Fighter)     Turns: 1464, Time: 00:06:41

Health: 0/32       AC:  1    Str: 22    XL:     4 ^: 45
Magic:  5/5        EV: 16    Int:  9    God:
Gold:   72         SH:  2    Dex:  8    Spells: 3/3 levels left

rFire    x . .     Vision   .   h - +0 whip
rCold    . . .     Gourm    .   c - +0 buckler
rNeg     . . .     Faith    .   b - +0 robe
rPois    +         Spirit   .   (helmet restricted)
rElec    .         Reflect  .   (no cloak)
rCorr    .         Harm     .   (gloves unavailable)
MR       .....                  (boots unavailable)
Stlth    +.........             (no amulet)
HPRegen  0.20/turn              (no ring)
MPRegen  0.15/turn              (no ring)

@: very slow
A: very small, rF-, deformed body, speed 1, poison resistance, slow metabolism
1, torment resistance, plant, rot immunity
a: no special abilities


You were on level 2 of the Dungeon.
You were not hungry.

You visited 1 branch of the dungeon, and saw 2 of its levels.

You collected 72 gold pieces.

Inventory:

Weapons
 a - a +0 flail
 h - a +0 whip (weapon) Shields
 c - a +0 buckler (shield)
Armour
 b - a +0 robe (worn)
Jewellery
 k - a cursed ring of protection from magic {(Curse: *Corrode)}
Scrolls
 j - a scroll of blinking
 l - a scroll of enchantment
 n - a scroll of magic mapping
Potions
 d - a potion of might
 e - a potion of ambrosia
 i - 2 potions of haste
 m - a potion of curing
Comestibles
 f - 3 rations
 g - 2 chunks of flesh


   Skills:
 + Level 3.6 Fighting
 * Level 3.9 Whips & Flails
 - Level 3.0 Dodging
 + Level 3.6 Shields


You had 3 spell levels left.
You didn't know any spells.
Your spell library was empty.

Dungeon Overview and Level Annotations

Branches:
Dungeon (2/8)

Altars:


Innate Abilities, Weirdness & Mutations

Your woody flesh burns easily. (rF-)
A tangle of shorter branches protects your body from attack. (+2 SH)
You are very small and have problems with some larger weapons.
You are too small for most types of armour.
Armour fits poorly on your strangely shaped body.
You cover ground quickly.
Your system is resistant to poisons. (rPois)
You have a slow metabolism.
You are immune to unholy pain and torment.
You require very little carbon dioxide to survive.
You are immune to rotting.


Message History

You hit the sewer rat (1).
The sewer rat is almost dead. (2/10) HP You block the bat's attack.
The sewer rat closely misses you (0). The sewer rat bites you (8)!
You barely miss the sewer rat. The bat misses you (0).
You block the sewer rat's attack. The sewer rat closely misses you (0).
You barely miss the sewer rat. The sewer rat closely misses you (0).
The sewer rat bites you (7)!
* * * LOW HITPOINT WARNING * * *
You enter the shallow water.
Moving in this stuff is going to be slow.
The bat barely misses you (0). The bat barely misses you (0).
The bat closely misses you (0). The bat hits you (1).
* * * LOW HITPOINT WARNING * * *
The sewer rat barely misses you (0). You block the bat's attack.
The bat misses you (0). The bat barely misses you (0).
The sewer rat bites you (9)!
You die...

########## ##
#≈.......### ##. ##
#≈≈≈÷≈.≈≈#.######.#
#≈
#≈≈≈≈≈≈##.≈.≈≈#≈#≈#
#≈##
#≈@≈≈≈≈####≈##≈≈.≈#
#≈###brr≈≈≈#
######≈##
##≈.≈≈≈≈≈≈≈# ###
##≈#≈≈≈≈≈≈#
###≈≈≈≈≈≈#
#P##≈#≈≈≈≈≈≈#
#≈≈≈..≈≈≈≈≈#
#...?...≈≈.#
###≈#≈≈...≈#


You could see 2 sewer rats and a bat.

Vanquished Creatures
  3 giant cockroaches
  2 cinder newts
  2 oozes
  4 leopard geckos (D:1)
  2 goblins (D:1)
  3 hobgoblins (D:1)
  8 kobolds (D:1)
  8 bats
  A bat skeleton (D:2)
  3 rats (D:1)
  A rat skeleton (D:2)
  3 withered plants (D:2)
40 creatures vanquished.

Vanquished Creatures (others)
  25 withered plants (D:2)
25 creatures vanquished.

Grand Total: 65 creatures vanquished

Notes
Turn   | Place    | Note
-------+----------+-------------------------------------------
     0 | D:1      | Kalegnar the Lignifite Fighter began the quest for the Orb.
     0 | D:1      | Reached XP level 1. HP: 14/14 MP: 2/2
   111 | D:1      | Reached XP level 2. HP: 21/21 MP: 3/3
   215 | D:1      | Reached XP level 3. HP: 26/26 MP: 4/4
   812 | D:1      | Reached XP level 4. HP: 18/31 MP: 5/5
  1464 | D:2      | Slain by a sewer rat

Levels and vault maps discovered:
D:1:      dpeg_arrival_shrine, layout_loops_ring, kennysheep_decorative_pillar,
          minmay_randomly_rotated_circles
D:2:      layout_sewer, first_ration, grunt_ministairs_8, lemuel_altar_in_water,
          uniq_eustachio, uniq_menkaure

Skill      XL: |  1  2  3 |
---------------+----------+-----
Whips & Flails | 3 |  3.9
Dodging        | 3 |  3.0
Fighting       | |  3.6
Shields        | |  3.6

Action                   |  1- 3 |  4- 6 || total
-------------------------+-------+-------++-------
Melee: Flail             |    20 |       ||    20
       Whip              |   101 |   127 ||   228
Armor: Robe              |     8 |    10 ||    18
Dodge: Dodged            |   113 |   126 ||   239
Block: Buckler           |    10 |    14 ||    24
